Map: King Sejong Station LE

Players

llllIIIlllII - Winner!

  • Race: Zerg Zerg
  • League: Master

SortOf

  • Race: Zerg Zerg
  • League: Master

VOD

Have the link to the VOD?

Description

Time

  • Played on: Oct. 26, 2016, 5:45 a.m.
  • Length: 5:23
Show
View Real Time Build Order
Export as new Build Order

llllIIIlllII Zerg - Winner!

Build Orders: Hatch First, Zergling Baneling 

Get SALT Encoding   

  12  0:00  Drone  
  13  0:07  Drone  
  14  0:16  Overlord  
  14  0:23  Extractor, Drone  
  15  0:35  Drone x2  
  17  0:43  Drone  
  18  0:55  Unknown, Hatchery  
  17  0:58  Extractor  
  17  0:59  Drone  
  17  1:12  Spawning Pool  
  17  1:15  Drone  
  17  1:19  Drone  
  18  1:26  Drone  
  19  1:37  Overlord  
  19  1:48  Drone  
  20  1:59  Queen  
  20  2:00  Zergling x2  
  23  2:01  Metabolic Boost  
  23  2:06  Unknown  
  23  2:07  Queen, Zergling x2  
  26  2:10  Drone  
  27  2:17  Drone  
  27  2:21  Drone  
  29  2:28  Drone  
  30  2:31  Drone  
  31  2:40  Unknown, Hatchery  
  31  2:42  Zergling x2  
  31  2:45  Drone  
  31  2:50  Baneling Nest  
  31  2:52  Drone  
  31  2:58  Drone  
  33  3:01  Overlord  
  33  3:04  Drone  
  34  3:14  Overlord x2  
  34  3:16  Overlord  
  34  3:33  Zergling x2  
  34  3:34  Zergling x10  
  40  3:38  Baneling x2  
  40  3:41  Zergling x2  
  40  3:45  Baneling  
  40  3:46  Baneling  
  40  3:47  Zergling x4  
  40  3:48  Zergling x6  
  44  3:49  Zergling x4  
  44  3:52  Unknown, Zergling x2  
  44  3:53  Zergling x2  
  44  3:55  Zergling x2  
  51  4:00  Baneling x2  
  50  4:04  Zergling x2  
  50  4:05  Zergling x2  
  50  4:06  Baneling  
  50  4:07  Zergling x2  
  53  4:16  Zergling x2  
  47  4:17  Zergling x4  
  47  4:18  Zergling x4  
  47  4:19  Zergling x4  
  47  4:21  Zergling x2  
  51  4:31  Zergling x2  
  51  4:34  Zergling x4  
  51  4:35  Zergling x4  
  51  4:36  Baneling x2  
  48  4:40  Zergling x4  
  49  4:46  Zergling x2  
  49  4:48  Zergling x2  
  49  4:50  Zergling x2  
  49  4:51  Zergling x2  
  51  4:53  Zergling x6  
  51  4:54  Baneling  
  51  4:57  Zergling x2  
  53  5:00  Zergling x2  
  53  5:01  Baneling  
  53  5:02  Zergling x2  
  53  5:05  Zergling x2  
  53  5:06  Zergling x2  
Show
View Real Time Build Order
Export as new Build Order

SortOf Zerg 

Build Orders: Hatch First 

Get SALT Encoding   

  12  0:00  Drone  
  13  0:14  Overlord  
  13  0:18  Drone  
  14  0:32  Drone x2  
  16  0:37  Drone  
  17  0:54  Unknown, Hatchery  
  17  0:55  Drone  
  17  0:59  Drone  
  18  1:08  Drone  
  18  1:11  Extractor  
  18  1:18  Spawning Pool  
  17  1:19  Drone  
  18  1:29  Drone  
  19  1:40  Overlord  
  19  1:52  Drone  
  20  2:02  Drone  
  20  2:04  Queen  
  20  2:05  Queen, Unknown  
  20  2:06  Zergling x2  
  26  2:13  Metabolic Boost, Drone  
  27  2:17  Drone  
  28  2:23  Drone  
  28  2:27  Drone  
  30  2:35  Zergling x2  
  31  2:39  Unknown, Hatchery  
  31  2:41  Zergling x2  
  31  2:47  Baneling Nest  
  31  2:48  Zergling x2  
  31  2:51  Drone  
  32  3:00  Drone  
  32  3:01  Overlord  
  33  3:10  Overlord  
  33  3:17  Drone x3  
  36  3:21  Drone x4  
  39  3:27  Queen  
  39  3:30  Baneling  
  39  3:31  Baneling  
  39  3:33  Drone  
  39  3:34  Drone  
  43  3:35  Zergling x2  
  44  3:47  Overlord  
  45  3:48  Drone x2  
  45  3:51  Unknown, Zergling x4  
  48  3:55  Roach Warren  
  48  3:57  Evolution Chamber  
  48  3:59  Baneling x2  
  48  4:02  Zergling x4  
  47  4:05  Drone  
  47  4:08  Extractor  
  47  4:16  Drone x3  
  47  4:17  Drone x4  
  50  4:20  Baneling x2  
  50  4:22  Zergling x4  
  51  4:32  Zergling x2  
  51  4:33  Zergling x4  
  50  4:39  Queen  
  50  4:45  Roach x4  
  57  4:52  Roach  
  56  4:58  Drone x4  
  52  5:01  Roach  
Tags
 
Add a new tag
Caveats
  • Supply blocks, unpowered buildings, or Contaminate may cause inaccurate times.
  • Supply counts are checked every 10 seconds.